 Dungeon Crawl Stone Soup version 0.29-a0-870-g2c972031a6 (webtiles) character file.

Game seed: 4695700432549927391

2907 Pooter the Cleaver (level 9, -17/83 HPs)
             Began as a Minotaur Berserker on July 17, 2022.
             Was a Priest of Trog.
             Demolished by an orc knight
             ... wielding a +0 glaive
              (22 damage)
             ... in a bailey.
             The game lasted 00:39:43 (6855 turns).

Pooter the Cleaver (Minotaur Berserker)             Turns: 6855, Time: 00:39:43

Health: -17/83     AC: 22    Str: 32    XL:     9   Next: 49%
Magic:  0/8        EV:  8    Int:  6    God:    Trog [***...]
Gold:   472        SH:  0    Dex: 14    Spells: 8/8 levels left

rFire   . . .      SeeInvis .   a - +2 broad axe
rCold   . . .      Faith    .   (no shield)
rNeg    . . .      Spirit   +   r - +7 plate armour "Vafoidwi" {Int+2 Dex+4 Stlth+}
rPois   .          Reflect  .   (helmet restricted)
rElec   .          Harm     .   (no cloak)
rCorr   .          Rampage  .   j - +2 pair of gloves
Will    .....                   p - +0 pair of boots
Stlth   ..........              G - amulet of guardian spirit
HPRegen 0.23/turn               q - +6 ring of strength
MPRegen 0.11/turn               (no ring)

@: on berserk cooldown, slowed, studying Ranged Weapons, very slow
A: horns 2, retaliatory headbutt
a: Renounce Religion, Berserk, Trog's Hand


You were in a bailey.
You worshipped Trog.
Trog was most pleased with you.
You visited 1 branch of the dungeon, and saw 7 of its levels.
You also visited: Sewer and Bailey.

You collected 472 gold pieces.

Inventory:

Hand Weapons
 a - a +2 broad axe (weapon)
   (You found it on level 4 of the Dungeon)
 o - the +12 mace of Grandeur {vamp, Contam rElec rF+++}
   (You found it on level 5 of the Dungeon)

   It occasionally heals its wielder for a portion of the damage dealt when it
   wounds a living foe.
   rF:        It renders you almost immune to fire.
   rElec:     It insulates you from electricity.
   Contam:    It causes magical contamination when unequipped.
 B - the +4 spear "Qiess" {flame, Str+5}
   (You found it on level 5 of the Dungeon)

   It burns those it strikes, dealing additional fire damage.
   Str:       It affects your strength (+5).
Missiles
 e - 22 poisoned darts (quivered)
 n - a throwing net {!f}
 Q - 100 stones
Armour
 j - a +2 pair of gloves (worn)
   (You found it on level 6 of the Dungeon)
 p - a +0 pair of boots (worn)
   (You found it on level 5 of the Dungeon)
 r - the +7 plate armour "Vafoidwi" (worn) {Int+2 Dex+4 Stlth+}
   (You found it on level 4 of the Dungeon)

   Int:       It affects your intelligence (+2).
   Dex:       It affects your dexterity (+4).
   Stlth:     It makes you more stealthy.
 y - a scarf of shadows
   (You found it on level 4 of the Dungeon)
Jewellery
 b - a ring of fire
   (You took it off an orc on level 3 of the Dungeon)
 q - a +6 ring of strength (left hand)
   (You found it on level 4 of the Dungeon)
 G - an amulet of guardian spirit (around neck)
   (You found it on level 4 of the Dungeon)
Wands
 z - a wand of roots (15)
   (You found it on level 6 of the Dungeon)
Scrolls
 f - 2 scrolls of enchant armour
 g - a scroll of vulnerability {!r}
 s - 4 scrolls of immolation {!r}
 t - 2 scrolls of teleportation {@r4}
Potions
 c - 3 potions of heal wounds {@q2}
 d - 3 potions of flight
 h - a potion of lignification {unknown}
 i - a potion of magic {unknown}
 k - 4 potions of curing {@q1}
 l - a potion of degeneration {unknown}
 m - 4 potions of haste {unknown}
 u - 5 potions of invisibility {unknown}
 v - 3 potions of mutation {unknown}
 w - 3 potions of might {unknown}
 x - a potion of resistance {unknown}
 A - a potion of ambrosia {unknown}


   Skills:
 + Level 9.1 Fighting
 * Level 12.3 Axes
 + Level 6.9 Ranged Weapons
 - Level 2.4 Armour
 - Level 2.1 Dodging
 + Level 2.0 Evocations


You had 8 spell levels left.
You didn't know any spells.
Your spell library was empty.

Dungeon Overview and Level Annotations

Branches:
Dungeon (7/15)             Temple (0/1) D:6           Sewer (visited)
 Bailey (1/1)

Altars:
Ashenzari
Ru
Uskayaw
Wu Jian

Shops:
D:5 =

Annotations:
D:6 3 runed translucent doors, reriks's ghost, novice SpHu


Innate Abilities, Weirdness & Mutations

You have a pair of horns on your head.
You reflexively headbutt those who attack you in melee.


Message History

Trog accepts your kill.
The orc knight looks more healthy.
The orc knight hits you with a +0 glaive!
Your Evocations skill increases to level 2!
You slash the orc knight!
The orc knight hits you but does no damage.
You slice the orc knight!! You closely miss the orc knight.
Your headbutt misses the orc knight.
The orc knight hits you with a +0 glaive!!
You barely miss the orc knight.
Unknown command.
You closely miss the orc knight.
The orc knight hits you with a +0 glaive!
You completely miss the orc knight. You headbutt the orc knight.
The orc warrior hits you from afar with a +0 glaive!!
* * * LOW HITPOINT WARNING * * *
The orc knight hits you with a +0 glaive.
* * * LOW HITPOINT WARNING * * *
You barely miss the orc knight.
Unknown command.
You hit the orc knight. The orc warrior barely misses you.
The orc knight barely misses you. You furiously retaliate!
You headbutt the orc knight.
Unknown command.
You completely miss the orc knight. The orc warrior barely misses you.
The orc knight hits you with a +0 glaive!
* * * LOW HITPOINT WARNING * * *
You slice the orc knight!!
Unknown command.
You closely miss the orc knight.
The orc warrior hits you but does no damage.
The orc knight hits you with a +0 glaive!!
* * * LOW MAGIC WARNING * * *
* * * LOW HITPOINT WARNING * * *
You hit the orc knight but do no damage.
An orc warrior comes into view. It is wielding a +0 spear.
The orc warrior hits you from afar with a +0 glaive.
* * * LOW MAGIC WARNING * * *
* * * LOW HITPOINT WARNING * * *
The orc knight hits you but does no damage.
Found a scroll of summoning and a scroll of enchant armour.
You are no longer berserk.
You are exhausted.
You feel yourself slow down.
The orc warrior hits you with a +0 glaive!
* * * LOW MAGIC WARNING * * *
* * * LOW HITPOINT WARNING * * *
The orc knight hits you with a +0 glaive!!
* * * LOW MAGIC WARNING * * *
You die...

####### ####### #
.......###.....#########
........'.....).#.....#.
?.....(.'....#))).....'.
?......)o.....).'.....'.
......o@'....#.)'.....'.
....((..'.......#.....#.
..o....###.....#########
####### ####### #


You could see an orc knight and 2 orc warriors.

Vanquished Creatures
  Sigmund (D:2)
  A wyvern (D:7)
  6 yaks (D:5)
  5 orc warriors (Bailey)
  2 ice beasts
  3 phantoms
  3 kobold brigands (Sewer)
  A necrophage (D:5)
  2 jellies
  A hound (D:4)
  Jessica (D:3)
  A gnoll bouda (D:5)
  An iguana (D:5)
  3 orc wizards (D:3)
  8 gnolls
  4 river rats (Sewer)
  8 adders
  A white imp (D:7)
  An ufetubus (D:5)
  3 worms
  3 dart slugs
  40 orcs
  13 ball pythons
  5 bats
  9 endoplasms
  A giant cockroach (D:1)
  8 goblins
  3 hobgoblins
  2 jackals (D:1)
  16 kobolds
  2 quokkas
  2 frilled lizards
  14 rats
174 creatures vanquished.

Notes
Turn   | Place    | Note
-------+----------+-------------------------------------------
     0 | D:1      | Pooter the Minotaur Berserker began the quest for the Orb.
     0 | D:1      | Reached XP level 1. HP: 19/19 MP: 0/0
    21 | D:1      | Reached skill level 4 in Axes
    21 | D:1      | Reached XP level 2. HP: 27/27 MP: 1/1
   331 | D:1      | Found a faded altar of an unknown god.
   419 | D:1      | Reached XP level 3. HP: 30/33 MP: 2/2
  1024 | D:2      | Reached skill level 5 in Axes
  1107 | D:2      | Noticed Sigmund
  1118 | D:2      | Killed Sigmund
  1119 | D:2      | Reached skill level 5 in Fighting
  1119 | D:2      | Reached skill level 6 in Axes
  1119 | D:2      | Reached XP level 4. HP: 31/42 MP: 3/3
  1119 | D:2      | Reached XP level 5. HP: 36/48 MP: 4/4
  2250 | D:3      | Reached skill level 7 in Axes
  2252 | D:3      | Reached XP level 6. HP: 56/56 MP: 5/5
  2832 | D:3      | Noticed Jessica
  2839 | D:3      | Killed Jessica
  3441 | D:4      | Found a glowing drain.
  3445 | D:4      | Reached ** piety under Trog
  3446 | D:4      | Reached skill level 8 in Axes
  3461 | Sewer    | Entered a sewer
  3526 | Sewer    | Reached XP level 7. HP: 63/63 MP: 6/6
  3937 | Sewer    | Reached skill level 9 in Axes
  4280 | D:4      | Found an ornate altar of the Wu Jian Council.
  4281 | D:4      | Found a hide-covered altar of Uskayaw.
  4284 | D:4      | Found a broken altar of Ashenzari.
  4284 | D:4      | Found a sacrificial altar of Ru.
  4766 | D:4      | Identified the +7 plate armour "Vafoidwi" {Int+2 Dex+4
                  | Stlth+}
  4839 | D:5      | Entered Level 5 of the Dungeon
  5056 | D:5      | Reached XP level 8. HP: 73/73 MP: 7/7
  5070 | D:5      | Reached skill level 10 in Axes
  5072 | D:5      | Reached *** piety under Trog
  5074 | D:5      | Reached skill level 11 in Axes
  5075 | D:5      | Reached skill level 5 in Ranged Weapons
  5186 | D:5      | Reached XP level 9. HP: 74/82 MP: 8/8
  5358 | D:5      | Identified the +4 spear "Qiess" {flame, Str+5}
  5366 | D:5      | Identified the +12 mace of Grandeur {vamp, Contam rElec
                  | rF+++}
  5434 | D:5      | Found Goxzemm's Jewellery Shoppe.
  5529 | D:6      | Found a staircase to the Ecumenical Temple.
  6011 | D:6      | Found a runed translucent gate.
  6012 | D:6      | Found a runed translucent gate.
  6013 | D:6      | Found a runed translucent gate.
  6013 | D:6      | Noticed reriks's ghost (novice SpHu)
  6029 | D:6      | Noticed a cyclops
  6233 | D:7      | Reached skill level 1 in Evocations
  6420 | D:7      | Found a flagged portal.
  6449 | Bailey   | Entered a bailey
  6543 | Bailey   | Reached skill level 12 in Axes
  6835 | Bailey   | Noticed an orc knight
  6855 | Bailey   | Demolished by an orc knight

Illustrated notes

Levels and vault maps discovered:
D:1:      evilmike_arrival_plus, layout_rooms,
          hellmonk_ecumenical_altar_defaced_shrine
D:2:      layout_loops_corners, uniq_sigmund
D:3:      layout_basic, uniq_jessica
D:4:      layout_basic, grunt_temple_overflow_open, cheibrodos_sewer_entry_drain
D:5:      layout_rooms, serial_shops, shop, minmay_manual_moon
D:6:      layout_loops_cross, minmay_temple_entry_antechambers,
          gammafunk_ghost_split
D:7:      layout_basic, enter_bailey_5
Bailey:   bailey_polearm_5, bailey

Skill      XL: |  1  2  3  4  5  6  7  8  9 |
---------------+----------------------------+-----
Axes           | 4 6 7 8 9 11 12 | 12.3
Fighting       | 4 5 6 7 8 9 |  9.1
Ranged Weapons | 5 6 |  6.9
Evocations     | 2 |  2.0
Armour         | |  2.4
Dodging        | |  2.1

Action                   |  1- 3 |  4- 6 |  7- 9 || total
-------------------------+-------+-------+-------++-------
Melee: Hand axe          |    52 |    14 |       ||    66
       Headbutt          |     8 |    10 |    22 ||    40
       Short sword       |     6 |       |       ||     6
       Punch             |     1 |       |       ||     1
       War axe           |       |    48 |       ||    48
       Broad axe         |       |    23 |   165 ||   188
       Spear             |       |       |    12 ||    12
Throw: Dart              |       |     5 |    16 ||    21
       Stone             |       |       |     3 ||     3
Invok: Berserk           |     2 |     7 |     5 ||    14
       Trog's Hand       |       |       |     2 ||     2
  Use: Scroll            |     1 |     4 |     7 ||    12
Armor: Animal skin       |    13 |     4 |       ||    17
       Chain mail        |       |    19 |    28 ||    47
       Plate armour      |       |       |    96 ||    96
Dodge: Dodged            |    32 |    37 |   106 ||   175

Table legend: (Time is in decaauts)
 A = Elapsed time spent in this place.
 B = Non-inter-level travel time spent in this place.
 C = Inter-level travel time spent in this place.
 D = Time resting spent in this place.
 E = Time spent auto-exploring this place.
 F = Levels seen in this place.
 G = Mean time per level.
                   A        B        C        D        E       F      G
               +--------+--------+--------+--------+--------+-----+--------+
         Total |   7006 |   6858 |    148 |   1851 |   3624 |   9 |  778.4 |
       Dungeon |   5751 |   5603 |    148 |   1246 |   3347 |   7 |  821.6 |
         Sewer |    847 |    847 |      0 |    375 |    247 |   1 |  847.0 |
        Bailey |    407 |    407 |      0 |    229 |     30 |   1 |  407.0 |
               +--------+--------+--------+--------+--------+-----+--------+

Top non-repeatable levels by time:
     D:3: 1544 daAuts
     D:2: 1282 daAuts
   Sewer: 847 daAuts
     D:4: 744 daAuts
     D:6: 701 daAuts
     D:5: 691 daAuts
     D:1: 567 daAuts
  Bailey: 407 daAuts
     D:7: 220 daAuts
